 Dungeon Crawl Stone Soup version 0.21-a0-241-g2cbab09 (webtiles) character file.

6 tidbits the Insei (level 1, 0/15 HPs)
             Began as a Demigod Transmuter on Sept 3, 2017.
             Slain by a bat (1 damage)
             ... on level 1 of the Dungeon.
             The game lasted 00:01:29 (128 turns).

tidbits the Insei (Demigod Transmuter)               Turns: 128, Time: 00:01:30

Health: 0/15       AC:  2    Str: 13    XL:     1   Next: 60%
Magic:  4/5        EV: 12    Int: 17    God:
Gold:   23         SH:  0    Dex: 16    Spells: 3/4 levels left

rFire    . . .     SeeInvis .     - Unarmed
rCold    . . .     Gourm    .   (no shield)
rNeg     . . .     Faith    .   B - +0 robe
rPois    .         Spirit   .   (no helmet)
rElec    .         Reflect  .   (no cloak)
rCorr    .         Harm     .   (no gloves)
MR       .....                  (no boots)
Stlth    +.........             (no amulet)
HPRegen  0.05/turn              (no ring)
MPRegen  0.09/turn              (no ring)

@: appendage
A: horns 2, high mp 1
a: End Transformation


You were on level 1 of the Dungeon.
You were not hungry.
You had grown temporary horns.
You visited 1 branch of the dungeon, and saw 1 of its levels.

You collected 23 gold pieces.

Inventory:

Missiles
 a - 12 arrows
 e - 25 stones (quivered)
Armour
 B - a +0 robe (worn)
 D - a +2 shield
Scrolls
 b - a scroll of remove curse {unknown}
 g - a scroll of teleportation {unknown}
Potions
 f - a potion of flight {unknown}
Books
 c - a book of Changes

   Spells                             Type                      Level
   a - Beastly Appendage              Transmutation                1
   b - Sticks to Snakes               Transmutation                2
   c - Spider Form                    Transmutation/Poison         3
   d - Ice Form                       Ice/Transmutation            4
   e - Blade Hands                    Transmutation                5
Comestibles
 d - a bread ration
 h - a royal jelly


   Skills:
 - Level 0.8 Fighting
 - Level 1.7 Dodging
 * Level 2.8 Unarmed Combat
 - Level 2.0 Spellcasting
 + Level 2.0 Transmutations


You had 3 spell levels left.
You knew the following spells:

 Your Spells              Type           Power        Failure   Level  Hunger
e - Beastly Appendage     Tmut           #.....       9%          1    #......


Dungeon Overview and Level Annotations

Branches:
Dungeon (1/15)


Innate Abilities, Weirdness & Mutations

You have an increased reservoir of magic. (+10% MP)
You have a pair of horns on your head.


Message History

You now have 23 gold pieces (gained 11).
A kobold comes into view.
A frilled lizard comes into view.
The frilled lizard moves out of view.
Casting: Beastly Appendage
Confirm with . or Enter, or press ? or * to list all spells.
Your feet morph into talons.
You closely miss the frilled lizard.
The frilled lizard hisses angrily.
Your kick misses the frilled lizard. Your punch misses the frilled lizard.
You hear a shout!
The frilled lizard misses you.
You barely miss the frilled lizard. The frilled lizard closely misses you.
You hit the frilled lizard but do no damage.
You claw the frilled lizard.
You kill the frilled lizard!
A kobold comes into view. It is wielding a short sword.
You hit the kobold. You claw the kobold, but do no damage.
The kobold is severely wounded.
The kobold hits you with a short sword.
You closely miss the kobold. Your kick misses the kobold.
You punch the kobold, but do no damage.
The kobold is severely wounded.
The kobold hits you with a short sword.
You hit the kobold.
You kill the kobold!
Things that are here:
a short sword; a kobold corpse Your transformation is almost over.
f - a metallic brown potion Your talons disappear.
You completely miss the kobold.
The kobold shouts!
The kobold hits you.
* * * LOW HITPOINT WARNING * * *
Casting: Beastly Appendage
Confirm with . or Enter, or press ? or * to list all spells.
Your feet morph into talons.
The kobold barely misses you.
You closely miss the kobold. The kobold closely misses you.
You barely miss the kobold. Your kick misses the kobold.
You closely miss the kobold. You claw the kobold.
The kobold is severely wounded.
The kobold closely misses you.
You hit the kobold.
You kill the kobold!
Your Transmutations skill increases to level 2!
Your transformation is almost over.
g - a scroll labeled NIUCEN FONTE
Found a royal jelly.
Your talons disappear.
h - a royal jelly A goblin comes into view.
It is wielding a dagger.
The goblin shouts!
A bat comes into view.
Casting: Beastly Appendage
Confirm with . or Enter, or press ? or * to list all spells.
You grow a pair of large bovine horns.
You hit the goblin.
The goblin is moderately wounded.
The goblin barely misses you.
You hit the goblin but do no damage.
The goblin is moderately wounded.
The goblin hits you with a dagger.
* * * LOW HITPOINT WARNING * * *
You closely miss the goblin.
You headbutt the goblin, but do no damage.
The goblin is moderately wounded.
The goblin barely misses you.
You barely miss the goblin.
The goblin is moderately wounded.
The goblin hits you with a dagger.
* * * LOW HITPOINT WARNING * * *
You hit the goblin.
You kill the goblin!
The bat completely misses you.
Your transformation is almost over.
The bat barely misses you.
Found an encrusted opal ring.
The bat hits you but does no damage.
You hit the bat but do no damage. The bat hits you but does no damage.
Casting: Beastly Appendage
Confirm with . or Enter, or press ? or * to list all spells.
You extend your transformation's duration.
The bat barely misses you.
You closely miss the bat. The bat hits you.
* * * LOW HITPOINT WARNING * * *
The bat closely misses you.
You miss the bat. You headbutt the bat.
The bat is moderately wounded.
The bat hits you but does no damage. The bat hits you.
* * * LOW HITPOINT WARNING * * *
The bat barely misses you.
You closely miss the bat. Your headbutt misses the bat.
The bat is moderately wounded.
The bat hits you.
* * * LOW HITPOINT WARNING * * *
You hit the bat.
The bat is severely wounded.
The bat hits you.
You die...

.....#..##..........#
..#######..#####....#
)##..#...†##
##.#.#######..
..##.#.#.##
#.#..........
.....###.#
###.#.......... ..
...#..#..#
#.)....#.....#....
####....##
#.##...##...##..#
######
#b#....###.###..
#.@.###.##.##.#
#....###.#.#.#
##...=###.#.#
##).....#<#
#...###.#.# #..###.#
#.# .###.# #.# ....#
#.. #.. ...


You could see a bat.

Vanquished Creatures
  A goblin (D:1)
  2 hobgoblins (D:1)
  A frilled lizard (D:1)
  2 kobolds (D:1)
6 creatures vanquished.

Notes
Turn   | Place    | Note
-------+----------+-------------------------------------------
     0 | D:1      | tidbits the Demigod Transmuter began the quest for the Orb.
     0 | D:1      | Reached XP level 1. HP: 15/15 MP: 5/5
    24 | D:1      | Reached skill level 2 in Spellcasting
    80 | D:1      | Reached skill level 2 in Transmutations
   127 | D:1      | HP: 1/15 [bat (1)]
   128 | D:1      | Slain by a bat

Vault maps used:
D:1:      roderic_crossed_star, serial_forest, infiniplex_forest_straight_2,
          infiniplex_forest_clump_small, infiniplex_forest_straight_2,
          infiniplex_forest_fountain, infiniplex_forest_corner_1,
          infiniplex_forest_lined_2, minmay_hexomino_u4

Skill      XL: |  1 |
---------------+----+-----
Spellcasting   | 2 |  2.0
Transmutations | 2 |  2.0
Fighting       | |  0.8
Dodging        | |  1.7
Unarmed Combat | |  2.8

Action                   || total
-------------------------++-------
Melee: Unarmed           ||    26
       Kick              ||     5
       Headbutt          ||     2
       Punch             ||     1
 Cast: Beastly Appendage ||     6
Armor: Robe              ||     4
Dodge: Dodged            ||    13

Table legend:
 A = Spawn XP
 B = Non-spawn XP
 C = Spawn XP percentage of total XP
 D = Spawn monster count
 E = Non-spawn monster count
 F = Spawn count percentage of total count
 G = Total turns spent on level
                    A         B        C        D         E        F      G
               +---------+---------+-------+---------+---------+-------+---------
         Total |       0 |       9 |   0.0 |       0 |       6 |   0.0 |   128
               +---------+---------+-------+---------+---------+-------+---------
           D:1 |       0 |       9 |   0.0 |       0 |       6 |   0.0 |   128
               +---------+---------+-------+---------+---------+-------+---------

Table legend:
 A = Turns spent in this place as a percentage of turns spent in the entire game.
 B = Non-inter-level travel turns spent in this place as a percentage of non-inter-level travel turns spent in the entire game.
 C = Inter-level travel turns spent in this place as a percentage of turns spent in this place.
 D = Turns resting spent in this place as a percentage of non-inter-level travel turns spent in this place.
 E = Turns spent auto-exploring this place as a percentage of non-inter-level travel turns spent in this place.
 F = Non-inter-level travel turns spent in this place divided by the number of levels of this place that you've seen.
                   A       B       C       D       E      F
               +-------+-------+-------+-------+-------+----------------------
         Total | 100.0 | 100.0 |   0.0 |   0.0 |   0.0 | 128.0
       Dungeon | 100.0 | 100.0 |   0.0 |   0.0 |   0.0 | 128.0
               +-------+-------+-------+-------+-------+----------------------

Table legend:
 A = Kills in this place as a percentage of kills in entire the game.
 B = Kills by you in this place as a percentage of kills by you in the entire game.
 C = Kills by friends in this place as a percentage of kills by friends in the entire game.
 D = Other kills in this place as a percentage of other kills in the entire game.
 E = Experience gained in this place as a percentage of experience gained in the entire game.
 F = Experience gained in this place divided by the number of levels of this place that you have seen.
                   A       B       C       D       E      F
               +-------+-------+-------+-------+-------+----------------------
         Total | 100.0 | 100.0 |   N/A |   N/A | 100.0 |   9.0
       Dungeon | 100.0 | 100.0 |   N/A |   N/A | 100.0 |   9.0
               +-------+-------+-------+-------+-------+----------------------

Vault maps used:
D:1:      roderic_crossed_star, serial_forest, infiniplex_forest_straight_2,
          infiniplex_forest_clump_small, infiniplex_forest_straight_2,
          infiniplex_forest_fountain, infiniplex_forest_corner_1,
          infiniplex_forest_lined_2, minmay_hexomino_u4
